 Dungeon Crawl Stone Soup version 0.31-a0-971-g75a2e9a4b4 (webtiles) character file.

Game seed: 15559414821445523413

907 demibob the Charlatan (level 7, -2/40 HPs)
             Began as a Deep Elf Chaos Knight on Oct 29, 2023.
             Was a Plaything of Xom.
             Killed from afar by a white imp (8 damage)
             ... with a puff of frost
             ... on level 5 of the Dungeon.
             The game lasted 00:10:38 (4737 turns).

demibob the Charlatan (Deep Elf Chaos Knight)       Turns: 4737, Time: 00:10:40

Health: -2/40      AC: 11    Str:  9    XL:     7   Next: 81%
Magic:  9/9        EV: 17    Int: 19    God:    Xom [...*..]
Gold:   159        SH:  0    Dex: 14    Spells: 3/6 levels left

rFire   . . .        a - staff of poison {!a}
rCold   . . .        (no shield)
rNeg    . . .        d - +2 leather armour
rPois   +            (no helmet)
rElec   .            h - +0 cloak
rCorr   .            k - +1 pair of gloves
SInv    .            l - +0 pair of boots
Will    .....        (no amulet)
Stlth   +            E - +5 ring of evasion
HPRegen 0.26/turn    Z - ring of wizardry
MPRegen 0.11/turn

%: wizardry (x1)
@: no status effects
A: iridescent scales 1, high MP 1
a: Renounce Religion


You were on level 5 of the Dungeon.
You worshipped Xom.
You were a favourite toy of Xom.
You visited 1 branch of the dungeon, and saw 5 of its levels.

You collected 289 gold pieces.
You spent 130 gold pieces at shops.


Innate Abilities, Weirdness & Mutations

You are partially covered in iridescent scales. (AC +2)
You have an increased reservoir of magic. (+10% MP)


   Skills:
 - Level 2.4 Fighting
 - Level 2.3(3.4) Polearms
 + Level 4.9(5.4) Staves
 - Level 0.7 Armour
 - Level 2.4 Dodging
 + Level 5.3 Poison Magic
 + Level 5.3 Evocations


You had 3 spell levels left.
You knew the following spells:

 Your Spells              Type           Power      Damage    Failure   Level
d - Tukima's Dance        Hex            0%         N/A       32%         3

Your spell library contained the following spells:

 Spells                   Type           Power      Damage    Failure   Level
 Summon Small Mammal      Summ           0%         N/A       12%         1
 Call Canine Familiar     Summ           0%         N/A       32%         3
 Summon Guardian Golem    Hex/Summ       0%         N/A       32%         3
 Passage of Golubria      Tloc           0%         N/A       69%         4
 Yara's Violent Unravell  Hex/Tmut       0%         3d3       95%         5

Inventory:

Hand Weapons
 b - a +0 spear of chaos
Armour
 d - a +2 leather armour (worn)
 h - a +0 cloak (worn)
 k - a +1 pair of gloves (worn)
 l - a +0 pair of boots (worn)
 u - a +0 buckler
Magical Staves
 a - a staff of poison (weapon) {!a}
Jewellery
 E - a +5 ring of evasion (left hand)
 I - a +6 ring of intelligence
 Z - a ring of wizardry (right hand)
Wands
 q - a wand of digging (1)
 r - a wand of flame (12)
Scrolls
 c - a scroll of identify {@r1}
 j - 4 scrolls of fog
 p - a scroll of enchant armour
 s - 2 scrolls of teleportation {@r2}
Potions
 e - 2 potions of mutation
 f - a potion of heal wounds {unknown}
 i - a potion of magic {unknown}
 m - a potion of attraction {unknown}
 n - 2 potions of brilliance
 o - a potion of berserk rage {unknown}
 t - a potion of resistance

Dungeon Overview and Level Annotations

Branches:
Dungeon (5/15)             Temple (0/1) D:5

Altars:
Dithmenos
Gozag
Kikubaaqudgha
Makhleb
Okawaru
Qazlal
Ru
Vehumet
Xom
Zin
The Shining One

Shops:
D:2 (   D:3 !

Annotations:
D:4 1 runed translucent door, Crazy Yiuf

*** ###########.#..#,*, ****
###########.#..#,*, ...#
#######.....#.(#,*, ...#
######.######.#,*, ...# #####*
#.#,,,,,,*,*, ...#
*#....#######.#,******,*, ...#
****.............#,******,*, ...#
*,,,.............#,,,,,,,,*, .†.#
*,,,.......@.....#*********, ..>#
*,,8......5#####.# *, .###
*,,,.......* #.# *, ..##
*8,∩.8.....* #.# *,
...##*,,,...#########.# *,
.▒..##,,8..,* #....#.#*********,
▒....##**.,,*###.##.#,,,,,,,,,,,,
...▒..##*****#...##.#,,,*********
..▒....## #...##.#,,,*


You could see a white imp.


Message History

* * * LOW HITPOINT WARNING * * *
You hit the white imp but do no damage.
The white imp is moderately wounded.
The white imp hits you but does no damage.
You closely miss the white imp.
The white imp is lightly wounded.
The white imp hits you but does no damage.
You hit the white imp.
The white imp is moderately wounded.
The white imp misses you.
You hit the white imp but do no damage.
The white imp is moderately wounded.
The white imp completely misses you.
You hit the white imp but do no damage.
You envenom the white imp.
The white imp is heavily wounded.
The white imp barely misses you.
You hit the white imp but do no damage.
The white imp is heavily wounded.
You hit the white imp but do no damage.
The white imp is heavily wounded.
The white imp hits you but does no damage.
You barely miss the white imp.
The white imp is heavily wounded.
The white imp completely misses you.
You barely miss the white imp.
The white imp is heavily wounded.
The white imp gestures at you. The puff of frost hits you!
You die... "Huh?
Did I miss anything?"

Skill      XL: |  1  2  3  4  5  6  7 |
---------------+----------------------+-----
Poison Magic   | 1 2 3 4 5 |  5.3
Evocations     | 1 2 3 4 5 |  5.3
Staves         | 1 2 3 4 |  4.9
Fighting       | |  2.4
Polearms       | |  2.3
Armour         | |  0.7
Dodging        | |  2.4

Action                     |  1- 3 |  4- 6 |  7- 9 || total
---------------------------+-------+-------+-------++-------
  Melee: Spear             |    96 |   177 |    10 ||   283
         Staff             |    20 |   133 |   154 ||   307
         Punch             |     1 |     4 |     2 ||     7
  Evoke: Wand              |       |       |     3 ||     3
    Use: Scroll            |     5 |     9 |     3 ||    17
         Potion            |       |     2 |     3 ||     5
   Stab: Sleeping          |     1 |     1 |     1 ||     3
 Armour: Leather armour    |    37 |   120 |    62 ||   219
  Dodge: Dodged            |    62 |   217 |   134 ||   413

Levels and vault maps discovered:
D:1:      wander_arrival_abandoned_jail, layout_loops_ring,
          nicolae_twisty_statue_hallways
D:2:      layout_basic, basic_altar, serial_shops, nicolae_shop_waterfront,
          uniq_jessica
D:3:      layout_loops_ring, pdpol_temple_overflow_zin_treasury_gozag_greed,
          nicolae_overflow_crystal_walls, shapermc_ecumenical_altar_ellora,
          serial_shops, nicolae_shop_industrial_runoff, uniq_natasha,
          uniq_terence
D:4:      layout_rooms, nicolae_tso_swordbearing_angel, hangedman_ru_absence,
          nicolae_qazlal_eye_of_the_storm, vehumet_altar_wand_db,
          mainiacjoe_overflow_six_doors_small, xom_confusion_cloud,
          lemuel_coloured_pillars_altar, uniq_crazy_yiuf_cottage, uniq_sigmund
D:5:      layout_basic, overflow_temple_1_default, nicolae_ashenzari_skybound,
          minmay_temple_entry_arrows, gup_sewer_entry_bubbles,
          nicolae_ossuary_entry_monument

Notes
Turn   | Place    | Note
-------+----------+-------------------------------------------
     0 | D:1      | demibob the Deep Elf Chaos Knight began the quest for the
                  | Orb.
     0 | D:1      | Reached XP level 1. HP: 13/13 MP: 3/3
   296 | D:1      | Reached XP level 2. HP: 13/18 MP: 4/4
   529 | D:1      | XOM: divination: detect items
   533 | D:1      | XOM: silly message
   726 | D:2      | Found Moddeff's Weapon Shop.
   777 | D:2      | Reached skill level 1 in Poison Magic
   777 | D:2      | Reached skill level 1 in Evocations
   789 | D:2      | Reached skill level 1 in Staves
   791 | D:2      | XOM: divination: magic mapping
   866 | D:2      | XOM: divination: detect creatures
  1023 | D:2      | XOM: divination: magic mapping
  1085 | D:2      | XOM: silly message
  1130 | D:2      | Reached XP level 3. HP: 22/22 MP: 5/5
  1142 | D:2      | Noticed Jessica
  1151 | D:2      | Killed Jessica
  1152 | D:2      | Reached skill level 2 in Staves
  1152 | D:2      | Reached skill level 2 in Poison Magic
  1152 | D:2      | Reached skill level 2 in Evocations
  1152 | D:2      | Reached XP level 4. HP: 26/27 MP: 6/6
  1152 | D:2      | XOM: silly message
  1200 | D:2      | XOM: divination: magic mapping
  1558 | D:2      | XOM: 4-stop teleportation journey
  1663 | D:1      | XOM: scenery: summon butterflies
  1746 | D:3      | XOM: give mutations
  1746 | D:3      | Gained mutation: You are partially covered in iridescent
                  | scales. (AC +2) [Xom's mischief]
  1746 | D:3      | Gained mutation: You have an increased reservoir of magic.
                  | (+10% MP) [Xom's mischief]
  1800 | D:3      | Found a burning altar of Makhleb.
  1849 | D:3      | Noticed Natasha
  1857 | D:3      | Natasha changed into Natasha the gnoll
  1857 | D:3      | Noticed Natasha
  1857 | D:3      | XOM: polymorph Natasha -> Natasha the gnoll
  1864 | D:3      | Killed Natasha the gnoll
  1879 | D:3      | XOM: 2-stop teleportation journey
  1900 | D:3      | Found a faded altar of an unknown god.
  1924 | D:3      | Reached XP level 5. HP: 27/31 MP: 7/7
  1938 | D:3      | Found Ypruph's Distillery.
  1938 | D:3      | XOM: 6-stop teleportation journey
  2048 | D:3      | Noticed Natasha
  2078 | D:3      | XOM: cast spell 'Chain of Chaos'
  2154 | D:3      | XOM: fog
  2157 | D:3      | Killed Natasha
  2181 | D:3      | Noticed Natasha
  2190 | D:3      | XOM: cleaving
  2195 | D:3      | Killed Natasha
  2196 | D:3      | Reached skill level 3 in Poison Magic
  2196 | D:3      | Reached skill level 3 in Evocations
  2464 | D:3      | Bought a potion of resistance for 130 gold pieces
  2541 | D:3      | XOM: silly message
  2593 | D:3      | Found an opulent altar of Gozag.
  2647 | D:3      | Found a glowing silver altar of Zin.
  2697 | D:3      | Noticed Terence
  2720 | D:3      | Killed Terence
  2721 | D:3      | Reached skill level 3 in Staves
  3108 | D:4      | XOM: divination: detect items
  3115 | D:4      | Found a shimmering altar of Xom.
  3130 | D:4      | Reached XP level 6. HP: 33/36 MP: 8/8
  3134 | D:4      | Found an iron altar of Okawaru.
  3323 | D:4      | XOM: enchant monster (good)
  3330 | D:4      | Noticed Sigmund
  3330 | D:4      | XOM: 1-stop teleportation journey
  3339 | D:4      | XOM: repel stairs
  3341 | D:4      | XOM: scenery: 2 doors open
  3341 | D:4      | Found a sacrificial altar of Ru.
  3352 | D:4      | Killed Sigmund
  3353 | D:4      | Reached skill level 4 in Poison Magic
  3353 | D:4      | Reached skill level 4 in Evocations
  3378 | D:4      | Learned a level 3 spell: Tukima's Dance
  3566 | D:4      | XOM: 1-stop teleportation journey
  3609 | D:4      | Reached skill level 4 in Staves
  3609 | D:4      | Reached XP level 7. HP: 30/40 MP: 9/9
  3613 | D:4      | XOM: summons 3 hostile demons
  3763 | D:4      | Found a radiant altar of Vehumet.
  3949 | D:4      | Found a runed translucent door.
  3950 | D:4      | Noticed Crazy Yiuf
  3977 | D:4      | Found a stormy altar of Qazlal.
  4070 | D:4      | Found a shadowy altar of Dithmenos.
  4119 | D:4      | Found a glowing golden altar of the Shining One.
  4252 | D:5      | Entered Level 5 of the Dungeon
  4252 | D:5      | Found an ancient bone altar of Kikubaaqudgha.
  4260 | D:5      | Found a staircase to the Ecumenical Temple.
  4294 | D:5      | XOM: cleaving
  4312 | D:5      | Reached skill level 5 in Poison Magic
  4312 | D:5      | Reached skill level 5 in Evocations
  4400 | D:5      | Identified the +0 spear "Sileedov" {drain, Str+5}
  4468 | D:5      | XOM: smoke on damage
  4475 | D:5      | HP: 3/40 [acid (7)]
  4678 | D:5      | XOM: butterfly on damage
  4686 | D:5      | HP: 3/40 [ogre/+0 giant club (23)]
  4686 | D:5      | XOM: butterfly on damage
  4686 | D:5      | XOM: smoke on damage
  4728 | D:5      | HP: 4/40 [white imp/puff of frost (2)]
  4737 | D:5      | Killed from afar by a white imp

Vanquished Creatures
  Sigmund (D:4)
  A black bear (D:4)
  An ice beast (D:5)
  2 scorpions (D:5)
  A hound (D:5)
  An orc priest (D:3)
  A jelly (D:5)
  Jessica (D:2)
  Natasha (twice) (D:3)
  Terence (D:3)
  4 iguanas
  5 gnolls
  2 adders
  5 worms
  7 orcs
  3 bats
  6 endoplasms
  A giant cockroach (D:1)
  9 goblins
  7 hobgoblins
  8 jackals
  2 quokkas (D:2)
  4 ball pythons
  2 frilled lizards
  6 kobolds
  7 rats
90 creatures vanquished.

Vanquished Creatures (others)
  A gnoll bouda (D:4)
  An iguana (D:4)
  3 adders (D:4)
  An endoplasm (D:4)
  A goblin (D:4)
  A hobgoblin (D:4)
  A kobold (D:4)
9 creatures vanquished.

Grand Total: 99 creatures vanquished

Table legend: (Time is in decaauts)
 A = Elapsed time spent in this place.
 B = Non-inter-level travel time spent in this place.
 C = Inter-level travel time spent in this place.
 D = Time resting spent in this place.
 E = Time spent auto-exploring this place.
 F = Levels seen in this place.
 G = Mean time per level.
                   A        B        C        D        E       F      G
               +--------+--------+--------+--------+--------+-----+--------+
         Total |   4698 |   4488 |    210 |    411 |   2954 |   5 |  939.6 |
       Dungeon |   4698 |   4488 |    210 |    411 |   2954 |   5 |  939.6 |
               +--------+--------+--------+--------+--------+-----+--------+

Top non-repeatable levels by time:
     D:3: 1301 daAuts
     D:4: 1256 daAuts
     D:1: 869 daAuts
     D:2: 804 daAuts
     D:5: 466 daAuts

Table legend:
 A = Non-vault XP
 B = Vault XP
 C = Vault XP percentage of total XP
 D = Non-vault monster count
 E = Vault monster count
 F = Vault count percentage of total count
                 A         B        C        D         E       F
            +---------+---------+-------+---------+---------+-------
      Total |     983 |     313 |  24.2 |      80 |      10 |  11.1
            +---------+---------+-------+---------+---------+-------
        D:1 |      17 |       0 |   0.0 |      11 |       0 |   0.0
        D:2 |      68 |      37 |  35.2 |      17 |       1 |   5.6
        D:3 |     185 |      50 |  21.3 |      26 |       2 |   7.1
        D:4 |     284 |     226 |  44.3 |      18 |       7 |  28.0
        D:5 |     429 |       0 |   0.0 |       8 |       0 |   0.0
            +---------+---------+-------+---------+---------+-------
